 Dungeon Crawl Stone Soup version 0.32-a0-975-g85d4e5bfdb (webtiles) character file.

Game seed: 9081838821810287457

438 trashops the Chopper (level 6, -4/52 HPs)
             Began as a Mountain Dwarf Fighter on Apr 19, 2024.
             Killed by divine providence
             ... invoked by an orc priest
              (13 damage)
             ... on level 4 of the Dungeon.
             The game lasted 00:07:03 (2986 turns).

trashops the Chopper (Mountain Dwarf Fighter)       Turns: 2986, Time: 00:07:04

Health: -4/52      AC: 14    Str: 21    XL:     6   Next: 69%
Magic:  6/6        EV:  8    Int:  8    God:
Gold:   144        SH:  4    Dex:  9    Spells: 5/5 levels left

rFire   . . .        a - +1 war axe (protect)
rCold   . . .        c - +0 buckler
rNeg    . . .        b - +0 scale mail
rPois   +            (no helmet)
rElec   .            (no cloak)
rCorr   .            (no gloves)
SInv    .            (no boots)
Will    .....        (no amulet) Stlth
                     f - ring of poison resistance
HPRegen 0.28/turn    (no ring)
MPRegen 0.10/turn

%: no passive effects
@: lethally poisoned (-4 -> -5), under a protective aura
A: runic magic, artefact enchanting
a: Convert to Beogh


You were on level 4 of the Dungeon.
You visited 1 branch of the dungeon, and saw 4 of its levels.

You collected 144 gold pieces.

Inventory:

Hand Weapons
 a - a +1 war axe of protection (weapon)
Armour
 b - a +0 scale mail (worn)
 c - a +0 buckler (worn)
Jewellery
 f - a ring of poison resistance (left hand)
 h - an amulet of guardian spirit
Wands
 k - a wand of flame (17)
Scrolls
 g - 3 scrolls of identify
 l - a scroll of vulnerability
 m - a scroll of enchant weapon
Potions
 e - a potion of enlightenment


   Skills:
 + Level 4.3 Fighting
 * Level 6.8 Axes
 + Level 4.7 Armour
 + Level 3.9 Shields


You had 5 spell levels left.
You didn't know any spells.
Your spell library contained the following spells:

 Spells                   Type           Power      Damage    Failure   Level
 Sandblast                Erth           0%         2d4       56%         1
 Ensorcelled Hibernation  Hex/Ice        0%         N/A       71%         2
 Fugue of the Fallen      Necr           0%         N/A       90%         3
 Passwall                 Erth           0%         N/A       90%         3
 Stone Arrow              Conj/Erth      0%         3d7       90%         3
 Anguish                  Hex/Necr       0%         N/A       100%        4


Dungeon Overview and Level Annotations

Branches:
Dungeon (4/15)
 Temple: D:4-7

Altars:
Dithmenos
Uskayaw

Shops:
D:2 :


Innate Abilities, Weirdness & Mutations

Your spellcasting is much less encumbered by armour.
You can use scrolls of enchantment on lesser artefacts.


Message History

The orc is heavily wounded.
You hit the orc. You closely miss the orc priest. You slash the orc!
You kill the orc!
The orc hits you with a +0 short sword. The orc hits you but does no damage.
The orc priest hits you with a +0 trident.
The adder bites you.
You are poisoned.
The adder poisons you!
The orc priest shouts, "Beogh offers mercy even to people such as you.
Join us and be reborn!" (press Y on the ability menu to convert to Beogh)
You barely miss the orc priest.
The orc priest is severely wounded.
You closely miss the orc. You closely miss the adder. You hit the orc.
You kill the orc!
You feel sick. The adder bites you.
The orc priest hits you but does no damage.
The orc priest calls upon Beogh to heal the orc.
The orc's wounds heal themselves!
The orc priest shouts, "Beogh offers mercy even to people such as you.
Join us and be reborn!"
The orc priest threatens, "Beogh's wrath is as vast as their mercy.
Make your choice!"
Okay, then.
You slash the orc priest!
You kill the orc priest!
You closely miss the kobold. You closely miss the adder.
You barely miss the orc.
You feel sick. The adder closely misses you.
The orc priest mumbles some strange prayers to Beogh against you.
Beogh smites you!
* * * LOW HITPOINT WARNING * * *
The kobold hits you but does no damage.
The orc priest begins to cast a cantrip, but forgets the words!
You block the adder's attack.
You barely miss the kobold. You barely miss the orc. You slash the adder!
You kill the adder!
You feel sick. The orc hits you but does no damage.
The kobold hits you but does no damage.
You barely miss the kobold. You closely miss the orc. You hit the orc priest.
You feel sick.
The orc priest mumbles some strange prayers to Beogh against you.
Beogh smites you!
You die...

.#..........#.###..
#...[......#...
.........†# ###
..........##
..........#
######....###
##.....# ##..#.##
##.#o@#
#.....)oK..#
######..o......
.=........
...........
..........>.
....>........
..............


You could see 2 orc priests, an orc and a kobold.

Vanquished Creatures
  Sigmund (D:2)
  An orc priest (D:4)
  Natasha (thrice) (D:2)
  2 orc wizards (D:3)
  5 adders
  2 dart slugs (D:1)
  A ribbon worm (D:2)
  12 orcs
  3 endoplasms
  A giant cockroach (D:2)
  6 goblins
  9 hobgoblins
  2 jackals (D:2)
  2 quokkas
  12 ball pythons
  3 bats
  4 frilled lizards
  3 kobolds
  6 rats
78 creatures vanquished.

Notes
Turn   | Place    | Note
-------+----------+-------------------------------------------
     0 | D:1      | trashops the Mountain Dwarf Fighter began the quest for the
                  | Orb.
     0 | D:1      | Reached XP level 1. HP: 19/19 MP: 1/1
    74 | D:1      | Reached XP level 2. HP: 26/26 MP: 2/2
   402 | D:1      | Reached skill level 3 in Axes
   805 | D:1      | Reached XP level 3. HP: 27/31 MP: 3/3
  1184 | D:2      | Noticed Sigmund
  1196 | D:2      | Killed Sigmund
  1197 | D:2      | Reached skill level 5 in Axes
  1197 | D:2      | Reached XP level 4. HP: 23/40 MP: 4/4
  1197 | D:2      | Reached XP level 5. HP: 27/46 MP: 5/5
  1288 | D:2      | Noticed Natasha
  1293 | D:2      | Killed Natasha
  1697 | D:2      | Noticed Natasha
  1704 | D:2      | Killed Natasha
  1705 | D:2      | Reached skill level 6 in Axes
  1705 | D:2      | Reached XP level 6. HP: 31/52 MP: 6/6
  1789 | D:2      | Found Feyf's Vocational Training.
  2043 | D:2      | Noticed Natasha
  2046 | D:2      | Killed Natasha
  2560 | D:3      | Found a hide-covered altar of Uskayaw.
  2874 | D:3      | Found a shadowy altar of Dithmenos.
  2986 | D:4      | Killed from afar by an orc priest

Illustrated notes

Levels and vault maps discovered:
D:1:      lemuel_arrival_hallway, layout_basic
D:2:      minmay_general_purpose_star, layout_loops_ring, minivault_24,
          nicolae_shop_vocational, uniq_sigmund, uniq_natasha
D:3:      layout_basic, amcnicky_altar_gilded, general_overflow_altar,
          dk_noncrumbling_3
D:4:      kennysheep_the_goblin_king, layout_rooms, minmay_cut_off

Skill      XL: |  1  2  3  4  5 |
---------------+----------------+-----
Axes           | 3 5 6 |  6.8
Fighting       | 4 |  4.3
Armour         | 4 |  4.7
Shields        | |  3.9

Action                     |  1- 3 |  4- 6 || total
---------------------------+-------+-------++-------
  Melee: War axe           |    85 |   109 ||   194
    Use: Scroll            |     2 |     8 ||    10
         Potion            |     3 |     3 ||     6
 Armour: Scale mail        |    76 |   111 ||   187
         Skin              |       |    32 ||    32
  Dodge: Dodged            |    22 |    36 ||    58
  Block: Buckler           |    20 |    31 ||    51

Table legend: (Time is in decaauts)
 A = Elapsed time spent in this place.
 B = Non-inter-level travel time spent in this place.
 C = Inter-level travel time spent in this place.
 D = Time resting spent in this place.
 E = Time spent auto-exploring this place.
 F = Levels seen in this place.
 G = Mean time per level.
                   A        B        C        D        E       F      G
               +--------+--------+--------+--------+--------+-----+--------+
         Total |   3030 |   2880 |    150 |    211 |   2150 |   4 |  757.5 |
       Dungeon |   3030 |   2880 |    150 |    211 |   2150 |   4 |  757.5 |
               +--------+--------+--------+--------+--------+-----+--------+

Top non-repeatable levels by time:
     D:2: 1111 daAuts
     D:1: 966 daAuts
     D:3: 907 daAuts
     D:4: 45 daAuts
